 Dungeon Crawl Stone Soup version 0.32-a0-913-g739538afd8 (webtiles) character file.

Game seed: 11836610073746775127

267 tilp the Vexing (level 6, -6/44 HPs)
             Began as a Vampire Enchanter on Apr 8, 2024.
             Mangled by a killer bee (7 damage)
             ... on level 4 of the Dungeon.
             The game lasted 00:03:53 (2287 turns).

tilp the Vexing (Vampire Enchanter)                 Turns: 2287, Time: 00:03:54

Health: -6/44      AC:  5    Str:  7    XL:     6   Next: 0%
Magic:  3/9        EV: 11    Int: 20    God:
Gold:   178        SH:  0    Dex: 14    Spells: 2/10 levels left

rFire   . . .        a - +2 dagger
rCold   . . .        (no shield)
rNeg    . . .        i - +1 leather armour
rPois   .            (no helmet)
rElec   .            n - +0 cloak
rCorr   .            (no gloves)
SInv    +            (no boots)
Will    .....        (no amulet)
Stlth   +++          (no ring)
HPRegen 0.47/turn    (no ring)
MPRegen 0.11/turn

%: no passive effects
@: very slightly contaminated, healing quickly
A: alive, fangs 3, see invisible, vampiric 2
a: Exsanguinate


You were on level 4 of the Dungeon.
You visited 1 branch of the dungeon, and saw 4 of its levels.

You collected 178 gold pieces.

Inventory:

Hand Weapons
 a - a +2 dagger (weapon)
 b - a +0 long sword
Missiles
 f - 9 poisoned darts (quivered)
Armour
 i - a +1 leather armour (worn)
 n - a +0 cloak (worn)
Jewellery
 h - a ring of fire
Scrolls
 e - a scroll of enchant weapon
Potions
 c - 2 potions of invisibility
 j - 2 potions of attraction


   Skills:
 * Level 2.0 Fighting
 + Level 2.4(3.1) Short Blades
 * Level 2.4(2.9) Long Blades
 + Level 2.9 Dodging
 + Level 5.2 Stealth
 + Level 2.5 Spellcasting
 * Level 5.8 Hexes


You had 2 spell levels left.
You knew the following spells:

 Your Spells              Type           Power      Damage    Failure   Level
a - Ensorcelled Hibernat  Hex/Ice        28%        N/A       11%         2
b - Confusing Touch       Hex            25%        N/A       6%          3
c - Tukima's Dance        Hex            25%        N/A       6%          3

Your spell library contained the following spells:

 Spells                   Type           Power      Damage    Failure   Level
 Call Imp                 Summ           4%         N/A       34%         2
 Sublimation of Blood     Necr           2%         N/A       34%         2
 Dazzling Flash           Conj/Hex       28%        N/A       21%         3
 Summon Hydra             Summ           1%         N/A       100%        7


Dungeon Overview and Level Annotations

Branches:
Dungeon (4/15)
 Temple: D:4-7

Altars:
Beogh

Annotations:
D:3 3 runed translucent doors, funkygono's ghost, amateur GrFE


Innate Abilities, Weirdness & Mutations

Your natural rate of healing is accelerated.
You have razor-sharp teeth.
You have supernaturally acute eyesight. (SInv)
You are afflicted with vampirism and can become a bat while bloodless.


Message History

* * * LOW HITPOINT WARNING * * *
You are poisoned.
The killer bee poisons you!
The ball python hisses angrily.
You feel sick.
The killer bee attacks as it pursues you!
The killer bee barely misses you. The ball python bites you.
* * * LOW HITPOINT WARNING * * *
The ball python bites you but does no damage.
The ball python closely misses you.
You feel sick.
The killer bee attacks as it pursues you!
The killer bee barely misses you. The killer bee closely misses you.
The killer bee misses you.
You feel sick. The killer bee misses you.
Casting: Ensorcelled Hibernation (safe; 11% risk of failure)
Confirm with . or Enter, or press ? or * to list all spells.
Aiming: Ensorcelled Hibernation (safe; 11% risk of failure)
Press: ? - help, Shift-Dir - straight line, f/p - killer bee
Aim: a killer bee (chance to affect: 56%)
The killer bee resists with significant effort.
You feel sick. The killer bee stings you!
* * * LOW HITPOINT WARNING * * *
The killer bee stings you.
* * * LOW HITPOINT WARNING * * *
Unknown command.
Okay, then.
You closely miss the killer bee.
You bite the killer bee, but do no damage.
* * * LOW HITPOINT WARNING * * *
You feel sick.
The killer bee stings you but does no damage.
Unknown command.
Unknown command.
Found a thin silver amulet.
* * * LOW HITPOINT WARNING * * *
You feel sick.
You are no longer poisoned.
The killer bee stings you!
You die...

#. . #.
..###.###########
".......##......#
.........#......#
................#
........##......#
.......@ySy.....#
........##......#
##########<.....#
#†.....# #......#
########


You could see 2 killer bees and a ball python.

Vanquished Creatures
  3 killer bees
  Crazy Yiuf (D:2)
  4 gnolls (D:2)
  An adder (D:2)
  A dart slug (D:2)
  A ribbon worm (D:3)
  5 orcs (D:3)
  4 ball pythons
  10 endoplasms
  A giant cockroach (D:2)
  5 goblins
  5 hobgoblins
  2 quokkas
  5 bats
  2 frilled lizards
  2 kobolds
  4 rats
56 creatures vanquished.

Notes
Turn   | Place    | Note
-------+----------+-------------------------------------------
     0 | D:1      | tilp the Vampire Enchanter began the quest for the Orb.
     0 | D:1      | Reached XP level 1. HP: 13/13 MP: 3/3
   124 | D:1      | Reached XP level 2. HP: 20/20 MP: 5/5
   472 | D:1      | Learned a level 2 spell: Ensorcelled Hibernation
   861 | D:2      | Gained mutation: You are afflicted with vampirism and can
                  | become a bat while bloodless. [Vampire growth]
   861 | D:2      | Reached XP level 3. HP: 24/25 MP: 6/6
   865 | D:2      | Learned a level 3 spell: Confusing Touch
   932 | D:2      | Reached skill level 1 in Long Blades
   960 | D:2      | Reached skill level 1 in Fighting
  1060 | D:2      | Reached skill level 5 in Hexes
  1068 | D:2      | Reached XP level 4. HP: 23/32 MP: 2/7
  1468 | D:2      | Found a runed translucent door.
  1469 | D:2      | Noticed Crazy Yiuf
  1476 | D:2      | Killed Crazy Yiuf
  1607 | D:3      | Found a runed translucent gate.
  1609 | D:3      | Found a runed translucent gate.
  1611 | D:3      | Found a runed translucent gate.
  1724 | D:3      | Found a roughly hewn altar of Beogh.
  1833 | D:3      | Found a faded altar of an unknown god.
  1949 | D:3      | Reached XP level 5. HP: 37/37 MP: 8/8
  1953 | D:3      | Learned a level 3 spell: Tukima's Dance
  2027 | D:3      | Noticed funkygono's ghost (amateur GrFE)
  2077 | D:4      | Reached skill level 5 in Stealth
  2092 | D:3      | Reached XP level 6. HP: 23/44 MP: 6/9
  2285 | D:4      | HP: 2/44 [killer bee (4)]
  2287 | D:4      | Mangled by a killer bee

Illustrated notes

Levels and vault maps discovered:
D:1:      lightli_arrival_lavapool, layout_loops_cross, serial_glass,
          glass_columns_a, glass_columns_a, nicolae_figureground_sparkle
D:2:      layout_basic, chequers_serial_rivers_small_3, lightli_corner_chamber,
          uniq_crazy_yiuf_cottage
D:3:      layout_rooms, gammafunk_ghost_icy,
          hellmonk_ecumenical_altar_defaced_shrine
D:4:      layout_rooms, minmay_temple_entry_enclosed_plants,
          dilly_guarded_unrand_devastator

Skill      XL: |  1  2  3  4  5 |
---------------+----------------+-----
Long Blades    | 1 2 |  2.4
Fighting       | 1 2 |  2.0
Hexes          | 5 |  5.8
Short Blades   | 2 |  2.4
Stealth        | 5 |  5.2
Dodging        | |  2.9
Spellcasting   | |  2.5

Action                     |  1- 3 |  4- 6 || total
---------------------------+-------+-------++-------
  Melee: Dagger            |   109 |    54 ||   163
         Bite              |     9 |     3 ||    12
  Throw: Dart              |     2 |       ||     2
   Cast: Ensorcelled Hiber |     3 |    10 ||    13
    Use: Scroll            |     8 |     3 ||    11
         Potion            |     1 |     3 ||     4
   Stab: Sleeping          |     5 |    11 ||    16
 Armour: Robe              |    10 |       ||    10
         Leather armour    |    40 |    42 ||    82
         Skin              |     8 |    15 ||    23
  Dodge: Dodged            |    63 |    32 ||    95

Table legend: (Time is in decaauts)
 A = Elapsed time spent in this place.
 B = Non-inter-level travel time spent in this place.
 C = Inter-level travel time spent in this place.
 D = Time resting spent in this place.
 E = Time spent auto-exploring this place.
 F = Levels seen in this place.
 G = Mean time per level.
                   A        B        C        D        E       F      G
               +--------+--------+--------+--------+--------+-----+--------+
         Total |   2272 |   2183 |     89 |    368 |   1345 |   4 |  568.0 |
       Dungeon |   2272 |   2183 |     89 |    368 |   1345 |   4 |  568.0 |
               +--------+--------+--------+--------+--------+-----+--------+

Top non-repeatable levels by time:
     D:1: 769 daAuts
     D:3: 749 daAuts
     D:2: 742 daAuts
     D:4: 11 daAuts
